 Dungeon Sprint DCSS version 0.22-a0-417-g1387785 (webtiles) character file.

719 aspa the Thaumaturge (level 7, -3/41 HPs)
             Began as an Octopode Wizard on May 14, 2018.
             Was an Initiate of Vehumet.
             Slain by a deep troll (17 damage)
             ... in the Dungeon (Sprint I: "Red Sonja").
             The game lasted 00:02:46 (668 turns).

aspa the Thaumaturge (Octopode Wizard)               Turns: 668, Time: 00:02:47

Health: -3/41      AC: -3    Str:  7    XL:     7   Next: 70%
Magic:  15/24      EV: 13    Int: 22    God:    Vehumet [......]
Gold:   229        SH:  0    Dex: 14    Spells: 21/34 levels left

rFire    . . .     SeeInvis +   l - +2 hand axe of the Sky {flame, *Corrode +Rage Dex+4 SInv} (curse)
rCold    . . .     Gourm    .   (no shield)
rNeg     . . .     Faith    .   b - +0 hat
rPois    .         Spirit   .   (no amulet)
rElec    .         Reflect  .   (no ring)
rCorr    .         Harm     .   (no ring)
MR       .....     NoTele   +   (no ring)
Stlth    +++.......             (no ring)
HPRegen  0.13/turn              (no ring)
MPRegen  0.19/turn              (no ring)
                                (no ring)
                                (no ring)

@: corroded, very slightly contaminated
A: almost no armour, stealthy swim, amphibious, 8 rings, constrict 8, camouflage
1, gelatinous body 1
a: Renounce Religion, Evoke Berserk Rage


You were in the Dungeon.
You worshipped Vehumet.
Vehumet was noncommittal.
You were not hungry.

You visited 1 branch You collected 405 gold pieces.
You spent 176 gold pieces at shops.

Inventory:

Hand Weapons
 a - a +0 short sword of venom
 k - a +0 scythe
 l - the cursed +2 hand axe of the Sky (weapon) {flame, *Corrode +Rage Dex+4 SInv}
   (You bought it in a shop in the Dungeon)

   It has been specially enchanted to burn those struck by it, causing extra
   injury to most foes and up to half again as much damage against particularly
   susceptible opponents.
   Big, fiery blades are also staple armaments of hydra-hunters.
   It affects your dexterity (+4).
   It lets you see invisible.
   It lets you go berserk.
   It may corrode you when you take damage.
   It has a curse placed upon it.
Armour
 b - a +0 hat (worn)
Wands
 j - a wand of paralysis (14)
Scrolls
 i - a scroll of blinking
Potions
 d - a potion of curing
 e - a potion of heal wounds
 f - a potion of haste
 g - 2 potions of magic
 h - a potion of might {unknown}
Comestibles
 c - 2 rations


   Skills:
 - Level 2.0 Dodging
 - Level 2.6 Stealth
 + Level 14.3 Spellcasting
 - Level 3.0 Conjurations
 - Level 1.0 Summonings
 - Level 1.0 Translocations


You had 21 spell levels left.
You knew the following spells:

 Your Spells              Type           Power        Failure   Level  Hunger
a - Magic Dart            Conj           ####         1%          1    None
b - Call Imp              Summ           ###.....     3%          2    None
c - Mephitic Cloud        Conj/Pois/Air  ###.....     8%          3    None
d - Blink                 Tloc           N/A          3%          2    None
e - Slow                  Hex            ###.....     6%          2    None
f - Conjure Flame         Conj/Fire      ###.....     6%          3    None

Your spell library contained the following spells:

 Spells                   Type           Power        Failure   Level  Hunger


Dungeon Overview and Level Annotations

Branches:
Dungeon (1/1)

Altars:
Cheibriados
Dithmenos
Elyvilon
Fedhas
Gozag
Hepliaklqana
Kikubaaqudgha
Nemelex Xobeh
Okawaru
Qazlal
Ru
Sif Muna
Trog
Uskayaw
Vehumet
Wu Jian
Yredelemnul
Zin
The Shining One

Shops:
D *(


Innate Abilities, Weirdness & Mutations

You cannot wear most types of armour.
You are very stealthy in the water. (Stealth+)
You are amphibious.
You can wear up to eight rings at the same time.
You can use your tentacles to constrict eight enemies at once.
Your skin changes colour to match your surroundings (Stealth+).
Your rubbery body absorbs attacks. (AC +1, EV +1)


Message History

Casting: Mephitic Cloud (safe; 8% risk of failure)
Confirm with . or Enter, or press ? or * to list all spells.
Aiming: Conjure Flame (safe; 6% risk of failure)
Press: ? - help, Dir - move target cursor, p - deep troll The fire ignites!
The deep troll is engulfed in noxious fumes.
Casting: Conjure Flame (safe; 6% risk of failure)
Confirm with . or Enter, or press ? or * to list all spells.
You miscast Call Imp.
You are very lightly contaminated with residual magic.
Your brain hurts!
The deep troll is engulfed in blazing flames.
The deep troll bites you but does no damage.
The deep troll closely misses you. The deep troll claws you!
Your corrosive artefact corrodes you!
The deep troll is engulfed in blazing flames.
Casting: Call Imp (safe; 3% risk of failure)
Confirm with . or Enter, or press ? or * to list all spells.
You blink.
The deep troll bites you!! The deep troll claws you!
You die...

#..####..#...#.#
#..#__####..##)#
#..#_____##'#_.+
#⌠⌠#_.∩...÷..._#
####_..__##_.#'#
#_____###'#.#
############§####+###
#∩^.......'..T§§$.$$+
###++++####).@#######
##.## #+#


You could see a deep troll.

Vanquished Creatures
  A yak (D)
  A jelly (D)
  Ijyb (D)
3 creatures vanquished.

Vanquished Creatures (collateral kills)
  Sonja (D)
  Sigmund (D)
  An ogre (D)
3 creatures vanquished.

Grand Total: 6 creatures vanquished

Notes
Turn   | Place    | Note
-------+----------+-------------------------------------------
     0 | D        | aspa the Octopode Wizard began the quest for the Orb.
     0 | D        | Reached XP level 1. HP: 11/11 MP: 4/4
     1 | D        | Noticed Ijyb
    11 | D        | Killed Ijyb
    11 | D        | Reached skill level 5 in Spellcasting
    11 | D        | Reached XP level 2. HP: 17/17 MP: 5/8
    11 | D        | Reached XP level 3. HP: 21/21 MP: 5/9
    18 | D        | Learned a level 2 spell: Call Imp
    22 | D        | Learned a level 3 spell: Mephitic Cloud
    25 | D        | Learned a level 2 spell: Blink
    28 | D        | Learned a level 2 spell: Slow
    76 | D        | Noticed an ogre
    81 | D        | Killed an ogre
    81 | D        | Reached skill level 7 in Spellcasting
    81 | D        | Reached XP level 4. HP: 27/27 MP: 2/13
    86 | D        | Learned a level 3 spell: Conjure Flame
   262 | D        | Noticed Sigmund
   270 | D        | Killed Sigmund
   270 | D        | Reached skill level 10 in Spellcasting
   270 | D        | Reached XP level 5. HP: 31/31 MP: 4/17
   355 | D        | Found an ornate altar of the Wu Jian Council.
   355 | D        | Found a deep blue altar of Sif Muna.
   362 | D        | Found a radiant altar of Vehumet.
   368 | D        | Became a worshipper of Vehumet
   387 | D        | Found Onotefec's Antique Weapon Emporium.
   387 | D        | Found an ancient bone altar of Kikubaaqudgha.
   387 | D        | Found a hazy altar of Hepliaklqana.
   387 | D        | Found a stormy altar of Qazlal.
   387 | D        | Found a hide-covered altar of Uskayaw.
   387 | D        | Found a blossoming altar of Fedhas.
   387 | D        | Found a bloodstained altar of Trog.
   387 | D        | Found an iron altar of Okawaru.
   387 | D        | Found a basalt altar of Yredelemnul.
   387 | D        | Found a glowing golden altar of the Shining One.
   387 | D        | Found a snail-covered altar of Cheibriados.
   387 | D        | Found a sacrificial altar of Ru.
   387 | D        | Found a glowing silver altar of Zin.
   387 | D        | Found a shadowy altar of Dithmenos.
   387 | D        | Found a white marble altar of Elyvilon.
   387 | D        | Noticed a yak
   390 | D        | Killed a yak
   390 | D        | Reached skill level 12 in Spellcasting
   390 | D        | Reached XP level 6. HP: 18/36 MP: 11/21
   446 | D        | Found an opulent altar of Gozag.
   447 | D        | Found a sparkling altar of Nemelex Xobeh.
   539 | D        | Noticed Sonja
   543 | D        | Killed Sonja
   543 | D        | Reached skill level 14 in Spellcasting
   543 | D        | Reached XP level 7. HP: 41/41 MP: 14/24
   612 | D        | Found Coxkolah's General Store.
   642 | D        | Bought a translucent hand axe for 176 gold pieces
   642 | D        | Identified the cursed +2 hand axe of the Sky {flame, *Corrode +Rage Dex+4 SInv} (You bought it in a shop in the Dungeon)
   663 | D        | Noticed a deep troll
   668 | D        | Slain by a deep troll

Vault maps used:
D:        dungeon_sprint_1

Skill      XL: |  1  2  3  4  5  6 |
---------------+-------------------+-----
Spellcasting   | 5 7 10 12 14 | 14.3
Conjurations   | 3 |  3.0
Dodging        | |  2.0
Stealth        | |  2.6
Summonings     | |  1.0
Translocations | |  1.0

Action                   |  1- 3 |  4- 6 |  7- 9 || total
-------------------------+-------+-------+-------++-------
Melee: Unarmed           |    10 |     3 |       ||    13
       Tentacles         |     3 |     1 |       ||     4
       Constrict         |     1 |     1 |       ||     2
       Scythe            |       |     2 |       ||     2
 Cast: Call Imp          |     2 |     6 |       ||     8
       Mephitic Cloud    |     1 |     2 |     1 ||     4
       Magic Dart        |       |     7 |       ||     7
       Conjure Flame     |       |     1 |     1 ||     2
       Blink             |       |       |     1 ||     1
  Use: Potion            |     1 |       |       ||     1
 Stab: Confused          |       |     1 |       ||     1
Armor: Skin              |       |     1 |     1 ||     2
Dodge: Dodged            |     3 |     1 |     1 ||     5

Table legend:
 A = Spawn XP
 B = Non-spawn XP
 C = Spawn XP percentage of total XP
 D = Spawn monster count
 E = Non-spawn monster count
 F = Spawn count percentage of total count
 G = Total turns spent on level
                    A         B        C        D         E        F      G
               +---------+---------+-------+---------+---------+-------+---------
         Total |       0 |    1028 |   0.0 |       0 |       6 |   0.0 |   668
               +---------+---------+-------+---------+---------+-------+---------
             D |       0 |    1028 |   0.0 |       0 |       6 |   0.0 |   668
               +---------+---------+-------+---------+---------+-------+---------
